 Dungeon Crawl Stone Soup version 0.28-a0-413-gde365fb1df (webtiles) character file.

Game seed: 15226244105840258783

5 SkeletonJelly the Firebug (level 1, 0/13 HPs)
             Began as a Deep Elf Cinder Acolyte on Sept 7, 2021.
             Was a High Priest of Ignis.
             Slain by a jackal (3 damage)
             ... on level 1 of the Dungeon.
             The game lasted 00:00:48 (659 turns).

SkeletonJelly the Firebug (Deep Elf Cinder Acolyte)  Turns: 659, Time: 00:00:48

Health: 0/13       AC:  2    Str: 11    XL:     1   Next: 66%
Magic:  5/5        EV: 11    Int: 18    God:    Ignis [*****.]
Gold:   0          SH:  0    Dex: 10    Spells: 3/3 levels left

rFire   + . .      SeeInvis .   a - -1 falchion (flame)
rCold   . . .      Faith    .   (no shield)
rNeg    . . .      Spirit   .   b - +0 robe
rPois   .          Reflect  .   (no helmet)
rElec   .          Harm     .   (no cloak)
rCorr   .          Rampage  .   (no gloves)
Will    .....                   (no boots)
Stlth   +.........              (no amulet)
HPRegen 0.04/turn               (no ring)
MPRegen 0.09/turn               (no ring)

@: no status effects
A: no striking features
a: Renounce Religion, Sea of Fire, Foxfire Swarm, Rising Flame


You were on level 1 of the Dungeon.
You worshipped Ignis.
Ignis was extremely pleased with you.
You visited 1 branch of the dungeon, and saw 1 of its levels.

Inventory:

Hand Weapons
 a - a -1 falchion of flaming (weapon)
Armour
 b - a +0 robe (worn)
Scrolls
 c - a scroll of identify {unknown}


   Skills:
 - Level 2.4 Fighting
 - Level 2.6 Long Blades
 + Level 1.9 Spellcasting
 * Level 3.6 Fire Magic


You had 3 spell levels left.
You didn't know any spells.
Your spell library contained the following spells:

 Spells                   Type           Power      Damage    Failure   Level
 Scorch                   Fire           28%        2d6       6%          2


Dungeon Overview and Level Annotations

Branches:
Dungeon (1/15)

Altars:


Message History

You kill the endoplasm!
No target in view!
No target in view!
No target in view!
No target in view!
No target in view!
Key pressed, stopping explore.
HP restored.
Key pressed, stopping explore.
A ball python comes into view.
The ball python hisses angrily.
A ball python is nearby!
Health restored: 13 A ball python is nearby!
A ball python is nearby!
You hit the ball python but do no damage.
The ball python bites you. The ball python grabs you.
The ball python constricts you. The ball python bites you.
The ball python constricts you.
You take 4 damage, and have 9/13 hp.
MASSIVE DAMAGE!!
You barely miss the ball python. The ball python barely misses you.
The ball python constricts you.
You hit the ball python. You burn the ball python.
You kill the ball python!
No target in view!
No target in view!
No target in view!
No target in view!
You see here a ball python corpse.
Key pressed, stopping explore.
Key pressed, stopping explore.
You see here a ball python corpse.
There is an escape hatch in the floor here.
You open the door.
There is an open door here.
You open the door.
There is an open door here.
Key pressed, stopping explore.
There is an open door here.
A frilled lizard comes into view.
The frilled lizard hisses angrily.
A frilled lizard is nearby!
A frilled lizard is nearby!
Health restored: 13 You miss the frilled lizard.
The frilled lizard bites you.
The frilled lizard bites you but does no damage.
You take 3 damage, and have 10/13 hp.
MASSIVE DAMAGE!!
You hit the frilled lizard. You burn the frilled lizard.
You kill the frilled lizard!
No target in view!
No target in view!
No target in view!
A jackal comes into view.
Found a faded altar of an unknown god.
Health restored: 13 A jackal is nearby!
A jackal is nearby!
A jackal is nearby!
A jackal is nearby!
A jackal is nearby!
A jackal comes into view.
The jackal barely misses you.
You hit the jackal. You burn the jackal.
The jackal is heavily wounded.
The jackal barks!
The jackal bites you.
You take 2 damage, and have 11/13 hp.
You hit the jackal. You burn the jackal.
You kill the jackal!
A goblin comes into view. It is wielding a +0 dagger.
The jackal bites you.
You take 1 damage, and have 10/13 hp.
You barely miss the jackal.
The jackal bites you but does no damage.
The jackal closely misses you.
You closely miss the jackal. The jackal barely misses you.
You barely miss the jackal. The jackal bites you.
The jackal closely misses you.
You take 1 damage, and have 9/13 hp.
You barely miss the jackal. The jackal barely misses you.
The jackal bites you but does no damage.
You closely miss the jackal. The jackal bites you.
You take 2 damage, and have 7/13 hp.
The jackal closely misses you. The jackal bites you.
You take 1 damage, and have 6/13 hp.
The jackal bites you. The jackal bites you.
You take 1 damage, and have 5/13 hp.
The jackal bites you but does no damage.
The jackal barely misses you. The jackal bites you.
* * * LOW HITPOINT WARNING * * *
The jackal barely misses you. The jackal completely misses you.
You closely miss the jackal.
The jackal bites you but does no damage. x2
You take 2 damage, and have 3/13 hp.
You hit the jackal but do no damage. The jackal bites you.
You die...

## ### .# #############.# .#
#.............###########
.###.###########...........#
.....# #.#########.#
#################### #.#
...............h@..# #.#
############......#### #.#
#...'......#..# #.#
#.###......#..# #.# #.#
#......#..# #.# #.#
####'#.#..# #.# #.#
###.#.#..# #.# #.#
#...#.#..# #†#
#.########.#..# #.#


You could see a jackal.

Vanquished Creatures
  A ball python (D:1)
  An endoplasm (D:1)
  A jackal (D:1)
  2 frilled lizards (D:1)
5 creatures vanquished.

Notes
Turn   | Place    | Note
-------+----------+-------------------------------------------
     0 | D:1      | SkeletonJelly the Deep Elf Cinder Acolyte began the quest
                  | for the Orb.
     0 | D:1      | Reached XP level 1. HP: 13/13 MP: 5/5
   620 | D:1      | Found a faded altar of an unknown god.
   659 | D:1      | Slain by a jackal

Illustrated notes

Levels and vault maps discovered:
D:1:      dpeg_arrival_water_temple_mockup, layout_basic,
          hellmonk_ecumenical_altar_dog_temple, serial_bayou_crossing

Action                   || total
-------------------------++-------
Melee: Falchion          ||    19
Armor: Robe              ||     6
Dodge: Dodged            ||    12

Table legend: (Time is in decaauts)
 A = Elapsed time spent in this place.
 B = Non-inter-level travel time spent in this place.
 C = Inter-level travel time spent in this place.
 D = Time resting spent in this place.
 E = Time spent auto-exploring this place.
 F = Levels seen in this place.
 G = Mean time per level.
                   A        B        C        D        E       F      G
               +--------+--------+--------+--------+--------+-----+--------+
         Total |    666 |    666 |      0 |      0 |    598 |   1 |  666.0 |
       Dungeon |    666 |    666 |      0 |      0 |    598 |   1 |  666.0 |
               +--------+--------+--------+--------+--------+-----+--------+

Top non-repeatable levels by time:
     D:1: 666 daAuts
